Cogmind - Beta 13 @@@ ROGUE MODE // 2024.04.09 @ 18:47:35 Player: Bean Result: Destroyed by H-55 Commando with Gauss Rifle Performance ------------- Evolutions (2) 1000 Regions Visited (9) 1800 Robots Destroyed (37) 185 Value Destroyed (1032) 1032 Prototype IDs (0) 0 Alien Tech Used (0) 0 Bonus (571) 571 TOTAL SCORE: 4588 Bonus ------- High Alert Combat Kills 34 Entered Garrisons 200 Used RIF Installer 500 Friendly Fire -163 Cogmind --------- Core Integrity 0/550 Matter 132/300 Energy 100/100 System Corruption 0% Temperature Cool (0) Movement Core (50) Location -8/Materials Parts ------- > --- POWER (2) -------- (None) > --- PROPULSION (2) --- (None) > --- UTILITY (4) ------ Hacking Suite System Shield > --- WEAPON (3) ------- (None) > --- INVENTORY (5) ---- Datajack Peak State ------------ > --- POWER ------------ Deuterium Engine Improved Deuterium Engine > --- PROPULSION ------- Carbon-fiber Leg > --- UTILITY ---------- Sensor Array Hacking Suite System Shield System Shield > --- WEAPON ----------- Ion Cannon Ion Cannon Heavy Missile Launcher > --- INVENTORY -------- Grenade Launcher Datajack Datajack [Rating: 30] Favorites ----------- Power Hybrid Deuterium Engine Engine Hybrid Deuterium Engine Propulsion Titanium Leg Leg Titanium Leg Wheel Wheel Utility Sensor Array Device Sensor Array Storage Small Storage Unit Hackware System Shield Protection Hardened Medium Armor Plating Weapon Ion Cannon Energy Cannon Ion Cannon Ballistic Gun Assault Rifle Launcher Heavy Missile Launcher Special Melee Weapon Datajack Build | -11 -10 -10 -9 -9 -9 -8 -8 -8 -8 ------- Run | Yrd Mat Min Mat Min Exi Min Mat Gar Mat Slots Evolved 4 | . . . 2 . . . 2 . . Power 1 | . . . . . . . 1 . . Propulsion . | . . . . . . . . . . Utility 2 | . . . 2 . . . . . . Weapon 1 | . . . . . . . 1 . . Parts Attached 39 | 6 1 3 8 3 3 5 6 . 4 Power 6 | 1 . . 1 1 . . 2 . 1 Engine 6 | 1 . . 1 1 . . 2 . 1 Core . | . . . . . . . . . . Reactor . | . . . . . . . . . . Propulsion 5 | 2 . . 2 . . 1 . . . Treads . | . . . . . . . . . . Leg 3 | . . . 2 . . 1 . . . Wheel 2 | 2 . . . . . . . . . Hover . | . . . . . . . . . . Flight . | . . . . . . . . . . Utility 13 | 1 1 . 2 . 3 2 3 . 1 Device 7 | . 1 . 2 . 2 2 . . . Storage 2 | 1 . . . . 1 . . . . Processor . | . . . . . . . . . . Hackware 3 | . . . . . . . 3 . . Protection 1 | . . . . . . . . . 1 Artifact . | . . . . . . . . . . Weapon 15 | 2 . 3 3 2 . 2 1 . 2 Energy Gun . | . . . . . . . . . . Energy Cannon 4 | . . . 2 . . 2 . . . Ballistic Gun 4 | 2 . 1 1 . . . . . . Ballistic Cannon . | . . . . . . . . . . Launcher 6 | . . 2 . 2 . . 1 . 1 Special Weapon . | . . . . . . . . . . Impact Weapon . | . . . . . . . . . . Slashing Weapon . | . . . . . . . . . . Piercing Weapon . | . . . . . . . . . . Special Melee Weapon 1 | . . . . . . . . . 1 Unidentified Prototypes . | . . . . . . . . . . Parts Lost 18 | . . . . . 3 1 3 7 4 Power 4 | . . . . . . . 1 2 1 Propulsion 2 | . . . . . . . 1 1 . Utility 7 | . . . . . 3 1 1 1 1 Weapon 5 | . . . . . . . . 3 2 Highest Loss Streak 7 | . . . . . 3 1 1 7 3 To Critical Strikes . | . . . . . . . . . . Average Slot Usage (%) 86 | . 95 100 89 100 84 95 80 68 27 Engine 10 | . 14 14 11 11 11 11 5 14 3 Leg 17 | . . . 20 22 22 22 13 7 . Wheel 2 | . 28 28 1 . . . . . . Device 24 | . 10 14 23 33 29 32 21 . . Storage 7 | . 14 14 11 11 7 11 1 . . Hackware 4 | . . . . . . . 12 25 18 Energy Cannon 8 | . . . 19 10 . 18 18 14 . Ballistic Gun 1 | . 28 17 2 . . . . . . Launcher 8 | . . 10 . 12 14 . 7 6 . Naked Turns . | . . . . . . . . . . Heaviest Build 39 | 14 15 16 26 28 26 27 39 38 17 Greatest Support 34 | 20 20 20 34 34 34 34 32 15 3 Greatest Overweight (x) 5 | . . . . . . . 2 3 5 Average Overweight (x) . | . . . . . . . . . . Largest Inventory Capacity 8 | 8 8 8 8 8 8 5 5 5 5 Average Capacity 6 | 7 8 8 8 8 5 5 5 5 5 Most Carried 8 | 3 3 3 7 8 7 5 5 3 4 Average Carried 4 | . 1 2 5 6 5 3 3 3 2 Final Capacity 8 | 8 8 8 8 8 5 5 5 5 5 Final Carried 7 | . 2 3 6 7 5 3 3 3 1 Class Distribution -------------------- 59% | Mutant 20% | Infiltrator-Mutant 8% | Hacker-Gunner 5% | Skirmisher 3% | Hacker-Mutant Dominant Class ---------------- Mutant | -10/Materials Mutant | -10/Mines Mutant | -9/Materials Mutant | -9/Mines Infiltrator-Mutant | -9/Exiles Mutant | -8/Mines Skirmisher | -8/Materials Hacker-Gunner | -8/Garrison Hacker-Mutant | -8/Materials Resources | -11 -10 -10 -9 -9 -9 -8 -8 -8 -8 ----------- Run | Yrd Mat Min Mat Min Exi Min Mat Gar Mat Matter Collected 921 | 201 . 139 70 96 42 338 35 . . Remotely 183 | . . . 70 96 17 . . . . Salvage Created 778 | . . 57 70 74 42 310 225 . . Parts 62 | . . 3 9 15 . 13 22 . . Haulers Intercepted . | . . . . . . . . . . Recyclers Shooed . | . . . . . . . . . . Parts Field Recycled . | . . . . . . . . . . Retrieved Matter . | . . . . . . . . . . Parts Self-Destructed . | . . . . . . . . . . Prevented . | . . . . . . . . . . Kills | -11 -10 -10 -9 -9 -9 -8 -8 -8 -8 ------- Run | Yrd Mat Min Mat Min Exi Min Mat Gar Mat Combat Hostiles Destroyed 33 | . . 4 4 11 . 7 7 . . Guns 1 | . . 1 . . . . . . . Cannons 11 | . . . 4 . . 7 . . . AOE 21 | . . 3 . 11 . . 7 . . Classes Destroyed 9 | . . 2 2 . . 1 4 . . Worker 1 | . . . . . . . 1 . . Recycler 1 | . . . . . . 1 . . . Operator 2 | . . . 1 . . . 1 . . Watcher 1 | . . . . . . . 1 . . Swarmer 16 | . . . 4 8 . 4 . . . Grunt 12 | . . 2 . 3 1 3 3 . . Specialist 2 | . . . . . . . 2 . . Hunter 2 | . . . . . . . 2 . . Assembled 2 | . . 2 . . . . . . . Best Kill Streak 8 | . . 2 4 8 . 4 5 . . Combat Bots Only 8 | . . 2 4 8 . 4 5 . . Max Kills in Single Turn 3 | . . 1 1 3 1 1 1 . . Gunslinging . | . . . . . . . . . . Exploded 3 | . . 1 . 3 . . 1 . . Melee . | . . . . . . . . . . Uniques/NPCs Destroyed . | . . . . . . . . . . Combat | -11 -10 -10 -9 -9 -9 -8 -8 -8 -8 -------- Run | Yrd Mat Min Mat Min Exi Min Mat Gar Mat Hostile Shots Fired 273 | . 5 9 15 16 . 39 38 71 80 Missed 103 | . 2 4 3 5 . 12 15 26 36 Damage Taken 2406 | . 28 76 94 97 364 248 372 545 582 Core 668 | . . 22 34 . 25 20 51 303 213 Absorbed by Shields 41 | . . . . . . . . 41 . Core Remaining (%) 90 | 100 . 91 . . . 80 . . . Volleys Fired 60 | . . 8 7 10 5 13 16 . 1 Largest 3 | . . 2 2 2 1 2 3 . 1 Hottest 159 | . . 50 120 69 39 120 159 . 30 Shots Fired 98 | . . 15 14 13 7 25 23 . 1 Gun 8 | . . 8 . . . . . . . Cannon 51 | . . . 14 . . 25 12 . . Launcher 39 | . . 7 . 13 7 . 11 . 1 Special . | . . . . . . . . . . Kinetic 8 | . . 8 . . . . . . . Thermal 51 | . . . 14 . . 25 12 . . Explosive 39 | . . 7 . 13 7 . 11 . 1 Electromagnetic . | . . . . . . . . . . Robot Hit Streak 7 | . . 6 2 3 . 7 5 . 5 Robot Miss Streak 4 | . . 1 2 2 1 3 4 . . Penetration Max . | . . . . . . . . . . Secondary Targets . | . . . . . . . . . . Shots Hit Robots 49 | . . 11 6 3 . 16 11 . 2 Core Hits 71 | . . 8 5 15 10 12 18 . 3 Critical Kills . | . . . . . . . . . . Critical Parts Destroyed . | . . . . . . . . . . Critical Strikes . | . . . . . . . . . . Melee Attacks 1 | . . . . . . . . . 1 Impact . | . . . . . . . . . . Slashing . | . . . . . . . . . . Piercing . | . . . . . . . . . . Sneak Attacks . | . . . . . . . . . . Combat Hostiles . | . . . . . . . . . . Follow-up Attacks . | . . . . . . . . . . Damage Inflicted 3262 | . . 316 161 952 379 387 1001 . 66 Guns 67 | . . 67 . . . . . . . Cannons 673 | . . . 161 . . 372 140 . . Explosions 2507 | . . 249 . 952 379 . 861 . 66 Melee . | . . . . . . . . . . Ramming 15 | . . . . . . 15 . . . Kinetic 67 | . . 67 . . . . . . . Thermal 673 | . . . 161 . . 372 140 . . Explosive 2507 | . . 249 . 952 379 . 861 . 66 Electromagnetic . | . . . . . . . . . . Impact . | . . . . . . . . . . Slashing . | . . . . . . . . . . Piercing . | . . . . . . . . . . Highest Corruption 10 | . . . . . 10 10 . . . Average Corruption 10 | . . . . . 10 10 . . . Corruption Purged . | . . . . . . . . . . Corruption Blocked . | . . . . . . . . . . Effects 48 | . . . . . 31 17 . . . Message Errors 8 | . . . . . 6 2 . . . Matter Fused 12 | . . . . . 6 6 . . . Heat Flow Errors 7 | . . . . . 6 1 . . . Energy Discharges 6 | . . . . . 5 1 . . . Parts Fused 1 | . . . . . . 1 . . . Data Loss (minor) 5 | . . . . . 4 1 . . . Data Loss (major) 1 | . . . . . 1 . . . . Misfires 2 | . . . . . 2 . . . . Alerts 1 | . . . . . 1 . . . . Misdirections 4 | . . . . . . 4 . . . Weapon Failures 1 | . . . . . . 1 . . . Overload Shots . | . . . . . . . . . . Overflow Damage 21 | . . . 12 6 . . . . 3 Projectiles 12 | . . . 12 . . . . . . Explosions 9 | . . . . 6 . . . . 3 Melee . | . . . . . . . . . . Knockbacks . | . . . . . . . . . . Impact . | . . . . . . . . . . Kinetic . | . . . . . . . . . . Secondary . | . . . . . . . . . . Self-Inflicted Damage 170 | . . 12 . . 78 . 41 . 39 Shots 6 | . . 1 . . 2 . 2 . 1 Rammed 1 | . . . . . . . . . 1 Targets Rammed 6 | . . . . . . 5 . . 1 Kicked 5 | . . . . . . 5 . . . Crushed . | . . . . . . . . . . Highest Temperature 262 | . . 16 255 6 262 165 48 38 . Average Temperature 82 | . . 7 109 6 99 77 22 18 . Received Heat Transfer 570 | . . 35 . 18 . 36 126 310 45 Siege Activations . | . . . . . . . . . . Robots Corrupted . | . . . . . . . . . . Combat Hostiles . | . . . . . . . . . . Parts Fried . | . . . . . . . . . . Impact Corruptions . | . . . . . . . . . . Robots Melted . | . . . . . . . . . . Combat Hostiles . | . . . . . . . . . . Parts Melted 1 | . . . . . . 1 . . . Heat Transferred 1073 | . . . 259 . . 592 222 . . Parts Sabotaged . | . . . . . . . . . . Parts Stolen . | . . . . . . . . . . Parts Stripped . | . . . . . . . . . . Power Chain Reactions . | . . . . . . . . . . Alert | -11 -10 -10 -9 -9 -9 -8 -8 -8 -8 ------- Run | Yrd Mat Min Mat Min Exi Min Mat Gar Mat Peak Influence 476 | . . 122 180 476 . 202 426 300 239 Initial 270 | . . . 47 70 . . 78 270 133 Average 184 | . . 106 95 224 . 129 310 263 191 Maximum Alert Level 2 | . . . . 2 . 1 2 1 1 Low Security (%) 55 | 100 100 100 100 53 . 64 23 . 49 Level 1 33 | . . . . 25 . 35 31 100 50 Level 2 11 | . . . . 21 . . 45 . . Level 3 . | . . . . . . . . . . Level 4 . | . . . . . . . . . . Level 5 . | . . . . . . . . . . High Security . | . . . . . . . . . . Max Security . | . . . . . . . . . . Squads Dispatched 6 | . . . . 1 . . 2 . 3 Investigation 2 | . . . . 1 . . . . 1 Extermination . | . . . . . . . . . . Reinforcement 4 | . . . . . . . 2 . 2 Assault . | . . . . . . . . . . Garrison . | . . . . . . . . . . Intercept . | . . . . . . . . . . Searches Triggered . | . . . . . . . . . . Construction Impeded . | . . . . . . . . . . Haulers Reinforced . | . . . . . . . . . . Active Scanning Responses . | . . . . . . . . . . Cargo Convoy Interrupts . | . . . . . . . . . . Stealth | -11 -10 -10 -9 -9 -9 -8 -8 -8 -8 --------- Run | Yrd Mat Min Mat Min Exi Min Mat Gar Mat Distress Signals 2 | . . . . . . . 1 . 1 Communications Jammed . | . . . . . . . . . . Distress Signals . | . . . . . . . . . . Times Spotted 74 | . 3 6 6 11 . 10 12 11 15 Peak Tracking Total 12 | . 3 2 4 4 . 4 5 10 12 Tactical Retreats 5 | . . . . . . 2 1 1 1 Traps | -11 -10 -10 -9 -9 -9 -8 -8 -8 -8 ------- Run | Yrd Mat Min Mat Min Exi Min Mat Gar Mat Traps Triggered 3 | . . . . . . . . 3 . Indirectly . | . . . . . . . . . . Trap Hack Attempts . | . . . . . . . . . . Triggered . | . . . . . . . . . . Disarmed . | . . . . . . . . . . Reprogrammed . | . . . . . . . . . . Reused . | . . . . . . . . . . Traps Extracted . | . . . . . . . . . . Installed . | . . . . . . . . . . Triggered . | . . . . . . . . . . Machines | -11 -10 -10 -9 -9 -9 -8 -8 -8 -8 ---------- Run | Yrd Mat Min Mat Min Exi Min Mat Gar Mat Machines Disabled 10 | . . 3 . 2 1 . 4 . . Max in Single Turn 3 | . . 3 . 2 1 . 1 . . Machines Repaired . | . . . . . . . . . . Machines Dismantled . | . . . . . . . . . . Machines Sabotaged . | . . . . . . . . . . Overloaded Fab Kills . | . . . . . . . . . . Hacking | -11 -10 -10 -9 -9 -9 -8 -8 -8 -8 --------- Run | Yrd Mat Min Mat Min Exi Min Mat Gar Mat Machines Accessed 7 | . 1 . 1 1 1 . 2 . 1 Terminals 4 | . 1 . 1 . . . 1 . 1 Fabricators . | . . . . . . . . . . Repair Stations . | . . . . . . . . . . Recycling Units . | . . . . . . . . . . Scanalyzers . | . . . . . . . . . . Garrison Access 1 | . . . . . . . 1 . . Total Hacks 16 | . 2 . 2 1 4 . 3 . 4 Successful 10 | . . . 1 1 4 . 2 . 2 Failed 6 | . 2 . 1 . . . 1 . 2 Catastrophic 1 | . 1 . . . . . . . . Database Lockouts . | . . . . . . . . . . Manual 6 | . 2 . 2 . . . 2 . . Terminals 10 | . 2 . 2 . . . 2 . 4 Fabricators . | . . . . . . . . . . Repair Stations . | . . . . . . . . . . Recycling Units . | . . . . . . . . . . Scanalyzers . | . . . . . . . . . . Garrison Access 1 | . . . . . . . 1 . . Terminal Hacks 8 | . . . 1 1 4 . . . 2 Record 5 | . . . . . 4 . . . 1 Open Door 1 | . . . . 1 . . . . . Branch Access Points 1 | . . . 1 . . . . . . Emergency Access Points 1 | . . . . . . . . . 1 Fabricator Hacks . | . . . . . . . . . . Repair Station Hacks . | . . . . . . . . . . Recycling Unit Hacks . | . . . . . . . . . . Scanalyzer . | . . . . . . . . . . Garrison Access Hacks 1 | . . . . . . . 1 . . Unlock Access 1 | . . . . . . . 1 . . Unauthorized Hacks 1 | . . . . . . . 1 . . Terminals 1 | . . . . . . . 1 . . Assimilate 1 | . . . . . . . 1 . . Fabricators . | . . . . . . . . . . Repair Stations . | . . . . . . . . . . Recycling Units . | . . . . . . . . . . Scanalyzers . | . . . . . . . . . . Garrison Access . | . . . . . . . . . . Data Cores Recovered 1 | . . . 1 . . . . . . Used . | . . . . . . . . . . Hacking Detections 4 | . 1 . 1 . . . 1 . 1 Full Trace Events 2 | . 1 . . . . . . . 1 Feedback Events . | . . . . . . . . . . Feedback Blocked . | . . . . . . . . . . Robot Schematics Acquired . | . . . . . . . . . . Robots Built . | . . . . . . . . . . Authchips . | . . . . . . . . . . Time . | . . . . . . . . . . Total Robot Build Rating . | . . . . . . . . . . Part Schematics Acquired . | . . . . . . . . . . Parts Built . | . . . . . . . . . . Authchips . | . . . . . . . . . . Time . | . . . . . . . . . . Total Part Build Rating . | . . . . . . . . . . Parts Repaired . | . . . . . . . . . . Time . | . . . . . . . . . . Parts Recycled . | . . . . . . . . . . Recycled Matter . | . . . . . . . . . . Retrieved Matter . | . . . . . . . . . . Retrieved Components . | . . . . . . . . . . Parts Scanalyzed . | . . . . . . . . . . Part Schematics Acquired . | . . . . . . . . . . Parts Damaged . | . . . . . . . . . . Bothacking | -11 -10 -10 -9 -9 -9 -8 -8 -8 -8 ------------ Run | Yrd Mat Min Mat Min Exi Min Mat Gar Mat Used RIF Installer 1 | . . . . . . . . 1 . Robots Hacked 1 | . . . . . . . . . 1 Non-combat 1 | . . . . . . . . . 1 Combat . | . . . . . . . . . . Robot Hacks Applied 1 | . . . . . . . . . 1 parse_system 1 | . . . . . . . . . 1 Relay Couplers Released . | . . . . . . . . . . Fabnet Peak Effective % . | . . . . . . . . . . Robots Rewired 3 | . . . . . 3 . . . . Allies Hacked . | . . . . . . . . . . Hacks Repelled . | . . . . . . . . . . Allies | -11 -10 -10 -9 -9 -9 -8 -8 -8 -8 -------- Run | Yrd Mat Min Mat Min Exi Min Mat Gar Mat Total Allies 3 | . . . . . 3 . . . . Largest Group 3 | . . . . . 3 2 . . . Highest-Rated Group 24 | . . . . . 24 16 . . . Highest-Rated Ally 8 | . . . . . 8 8 . . . Total Orders . | . . . . . . . . . . Ally Attacks 1 | . . . . . . 1 . . . Total Damage . | . . . . . . . . . . Kills . | . . . . . . . . . . Allies Corrupted . | . . . . . . . . . . Allies Melted 1 | . . 1 . . . . . . . Intel | -11 -10 -10 -9 -9 -9 -8 -8 -8 -8 ------- Run | Yrd Mat Min Mat Min Exi Min Mat Gar Mat Robot Analysis Total . | . . . . . . . . . . Derelict Logs Recovered . | . . . . . . . . . . Drone Launches . | . . . . . . . . . . Drone Recoveries . | . . . . . . . . . . Exploration | -11 -10 -10 -9 -9 -9 -8 -8 -8 -8 ------------- Run | Yrd Mat Min Mat Min Exi Min Mat Gar Mat Turns Passed 2719 | 58 65 147 194 329 960 357 298 254 57 Spaces Moved 1894 | 37 68 149 112 222 701 233 151 158 63 Core 150 | 6 . . . . . . . 81 63 Treads . | . . . . . . . . . . Legs 1490 | . . . 106 222 701 233 151 77 . Wheels 254 | 31 68 149 6 . . . . . . Hover . | . . . . . . . . . . Flight . | . . . . . . . . . . Fastest Speed 50 | 50 80 80 80 130 130 125 125 50 50 Average Speed 125 | 75 80 80 127 130 130 128 160 152 69 Slowest Speed 300 | 80 80 80 130 130 130 130 260 260 300 Overloaded Moves . | . . . . . . . . . . Propulsion Burnouts . | . . . . . . . . . . Robots Hopped . | . . . . . . . . . . Cave-ins Triggered 1 | . . . . . 1 . . . . Exploration Rate (%) 33 | 4 15 49 14 54 93 43 22 27 12 Regions Visited 9 Branch Regions 4 Pre-discovered Areas . | . . . . . . . . . . Known Exits Taken 2 | . . . 1 . . . 1 . . Unknown Exits Taken 6 | 1 1 1 . 1 1 1 . . . Scrap Searched 2 | . . 1 . 1 . . . . . Spaces Dug 66 | . . . . 18 48 . . . . Terrain Destroyed 394 | . . 37 . 156 73 2 119 . 7 Melee . | . . . . . . . . . . Projectile 2 | . . . . . . 2 . . . AOE 392 | . . 37 . 156 73 . 119 . 7 Terrain Rammed . | . . . . . . . . . . Walls Destroyed . | . . . . . . . . . . Machines Disabled . | . . . . . . . . . . Actions | -11 -10 -10 -9 -9 -9 -8 -8 -8 -8 --------- Run | Yrd Mat Min Mat Min Exi Min Mat Gar Mat Total 2138 | 67 78 160 148 247 748 263 185 170 72 Wait 52 | 19 7 . 9 8 3 2 4 . . Move 1884 | 36 67 148 111 221 700 232 150 156 63 Hop . | . . . . . . . . . . Pick Up 39 | 6 3 1 9 3 6 3 6 . 2 Fast Attach . | . . . . . . . . . . Attach 25 | 6 1 . 2 . 3 3 6 . 4 Detach 1 | . . . . . 1 . . . . Swap 14 | . . 3 6 3 . 2 . . . Drop 16 | . . . 4 2 5 2 3 . . Fire 60 | . . 8 7 10 5 13 16 . 1 Melee 1 | . . . . . . . . . 1 Ram 2 | . . . . . . 1 . . 1 Kick 5 | . . . . . . 5 . . . Crush . | . . . . . . . . . . Escape Stasis 14 | . . . . . . . . 14 . Rewire 25 | . . . . . 25 . . . . Trap . | . . . . . . . . . . Miscellaneous . | . . . . . . . . . . Route ------- -11/Scrapyard -10/Materials -10/Mines -9/Materials -9/Mines -9/Exiles (discovered 2 exits: [*Min x2]) -8/Mines -8/Materials -8/Garrison -8/Materials History --------- Turn | Location | Event 21 | -11/Scrapyard | Discovered new exit (range 16) 59 | -11/Scrapyard | Entered Materials 91 | -10/Materials | Discovered new exit (range 12) 124 | -10/Materials | Entered Mines 149 | -10/Mines | Assembled infested the area 154 | -10/Mines | Assisted by a Guerilla fighting off Assembled 253 | -10/Mines | Discovered new exit (range 12) 271 | -10/Mines | Entered Materials 271 | -9/Materials | Evolved 2 slots: Utility x2 330 | -9/Materials | Build established: Mutant 403 | -9/Materials | Identified exit to Mines 465 | -9/Materials | Entered Mines 554 | -9/Mines | Met a Derelict shopkeep closing up shop 676 | -9/Mines | Destroyed 8 combat bots 789 | -9/Mines | Deemed a non-threat by the Exiles lab entrance 789 | -9/Mines | Discovered new exit (range 5) 794 | -9/Mines | Entered Exiles 794 | -9/Exiles | Found Exiles lab destroyed 984 | -9/Exiles | Crushed by falling debris 984 | -9/Exiles | System corruption reached 10% 1015 | -9/Exiles | Lost 3 parts (3u) 1156 | -9/Exiles | Discovered new exit (range 12) 1381 | -9/Exiles | Discovered new exit (range 14) 1554 | -9/Exiles | Build established: Infiltrator-Mutant 1754 | -9/Exiles | Entered Mines 1754 | -8/Mines | Accompanied by 2 allies 2101 | -8/Mines | Discovered new exit (range 9) 2111 | -8/Mines | Entered Materials 2111 | -8/Materials | Evolved 2 slots: Power x1, Weapon x1 2119 | -8/Materials | Build established: Mutant 2406 | -8/Materials | Identified exit to Garrison 2409 | -8/Materials | Entered Garrison 2470 | -8/Garrison | Triggered checkpoint 2596 | -8/Garrison | Triggered checkpoint 2600 | -8/Garrison | Triggered checkpoint 2618 | -8/Garrison | Triggered checkpoint 2636 | -8/Garrison | Core integrity fell below 50% 2646 | -8/Garrison | Lost 7 parts (2p1n1u3w) 2651 | -8/Garrison | Discovered new exit (range 11) 2656 | -8/Garrison | Installed Relay Interface Framework 2663 | -8/Garrison | Entered Materials 2708 | -8/Materials | Core integrity fell below 20% 2720 | -8/Materials | Destroyed by H-55 Commando with Gauss Rifle Last Messages --------------- Acquired Hrd. Medium Armor Plating. ALERT: Hostiles spotted, dispatching reinforcements to Terminal M011. ALERT: Hostiles spotted, dispatching reinforcements to Terminal M002. Slammed into Y-45 Defender. Penetrated by Slug. S-10 Pest destroyed. Slug penetrates Wall. R-06 Scavenger collects Flight Unit. R-06 Scavenger collects Lgt. Assault Rifle. R-06 Scavenger collects Lgt. Ion Engine. Penetrated by Slug. Hrd. Medium Armor Plating destroyed. Destroyed Hrd. Medium Armor Plating. Deuterium Engine destroyed. Destroyed Deuterium Engine. Hadron Collector disabled. Penetrated by Slug. Grenade Launcher destroyed. Map ----- +----------------------------------------------------+ | | | | | | | | | | | ?????????????????????????????????????????????????? | | ?????????????????????????????????????????????????? | | ?????????????????????????????????????????????????? | | ?????????????????????????????????????????????????? | | ?????????????????????????????????????????????????? | | ?????????????????????????????????????????????????? | | ?????????????????????????????????????????????????? | | ?????????????????????????????? ??????????????????? | | ?????????????????????????????? ??????????????????? | | ????????????????????????????? ??????????????????? | | ?????????????????????????????t#??????????????????? | | ???????????????????????????##/#??????????????????? | | ???????????????????????????T #????????????????? | | ??????????????????????????? #????????????????? | | ??????????????????????????? """ #????????????????? | | ?????????????????????????? """ #????????????????? | | ??????????????????????????* """ #????????????????? | | ?????????????????????#???? ??######??????????? | | ???????????????+ ### ### +### #####??????? | | ???????????????# h ?????? | | ???????????????# g @ r r u ?????? | | ???????????????#[! g g h ss % ?????? | | ???????????????#[! "" #/### ##?????????? | | ???????????????# """ ## #? ##??????????? | | ???????????????# """ ?# Y #? #???????????? | | ???????????????? """ ?# ] ## #???????????? | | ????????????????? ?# ## #???????????? | | ??????????????????? ?# ## #???????????? | | ???????????????????### ?# ## #??+????????? | | ?????????????????????# ??# ## #???????????? | | ?????????????????????# ?####+#### #???????????? | | ?????????????????????# ?# ! # #???????????? | | ?????????????????????# ?# "" # #???????????? | | ?????????????????????# ?# "" / +???????????? | | ?????????????????????# ??# "T # #???????????? | | ?????????????????????????# "" # #???????????? | | ?????????????????????????# "" # #???????????? | | ?????????????????????????# # #???????????? | | ?????????????????????????# "" # #???????????? | | ?????????????????????????# """ # #???????????? | | ?????????????????????????# """ # #???????????? | | ?????????????????????????# # #???????????? | | ?????????????????????????#### #### #???????????? | | ????????????????????????????###??# ########????? | | ?????????????????????????????????# ## ###### | +----------------------------------------------------+ Best States ------------- Heat Dissipation 45 Energy Generation 25 Energy Capacity 1050 Matter Stores 300 Matter Capacity 300 Sight Range 16 Robot Scan Range 14 Terrain Scan Density 10 ECM Strength 1 Cloak Strength 3 Armor Coverage 225 Evasion (%) 55 Offensive Hacking 10 Defensive Hacking 20 Item Schematics ----------------- None Robot Schematics ------------------ None Fabricated ------------ Nothing Alien Tech Used ----------------- None Achievements -------------- Maybe Next Time I'll Detach My Launcher Remodeling Use The Force Challenges ------------ None Game ------ Seed GreatDefenseDriver Manual? 0 Play Time 00:28:04 Cumulative 9.3 hours Start 2024.04.09 @ 18:05:07 End 2024.04.09 @ 18:47:35 Sessions 1 Manual Loads 0 Difficulty Rogue Special Mode None Game No. 22 Rogue 22 Adventurer 0 Explorer 0 Win Type - Total 0 Types 0/0/0/0/0/0/0/0/0 Lore% 16 Gallery% 20 Achievement% 19 Wizard Run 0 Options --------- Layout 2 ASCII 0 Keyboard 0 Movement Numpad Keybinds 0 Fullscreen 1 Font 24/Smallcaps Map View 50x44 Zoom Use 0% Tactical HUD 0 Map Filters NONE Filters NONE Steam 1 RUN: 541e9c0c-3db1-412a-bfca-80b63a892dce